 Dungeon Crawl Stone Soup version 0.29-a0-340-g6efceafd81 (console) character file.

Game seed: 14493111267193376708

8199 veskia the Cleaver (level 11, -1/81 HPs)
             Began as a Mummy Wanderer on Apr 19, 2022.
             Was an Initiate of Gozag.
             Killed by divine providence
             ... invoked by an orc priest
              (12 damage)
             ... on level 10 of the Dungeon.
             The game lasted 00:18:13 (13512 turns).

veskia the Cleaver (Mummy Wanderer)                Turns: 13512, Time: 00:18:14

Health: -1/81      AC: 19    Str: 19    XL:     11   Next: 6%
Magic:  13/13      EV:  6    Int: 10    God:    Gozag
Gold:   2097       SH:  0    Dex: 14    Spells: 11/12 levels left

rFire   x . .      SeeInvis .   r - +4 hand axe
rCold   + . .      Faith    .   (no shield)
rNeg    + + +      Spirit   .   C - +0 plate armour
rPois   ∞          Reflect  .   v - +2 helmet
rElec   .          Harm     .   h - scarf {repulsion}
rCorr   .          Rampage  .   c - +1 pair of gloves
Will    ++...                   (no boots)
Stlth   ..........              (no amulet)
HPRegen 0.23/turn               s - ring of flight
MPRegen 0.13/turn               A - ring of willpower

@: gold aura, flying, repel missiles
A: cold resistance 1, negative energy resistance 3, torment resistance 2, heat
vulnerability 1, in touch with death 1, no potions
a: Renounce Religion, Potion Petition, Call Merchant, Bribe Branch


You were on level 10 of the Dungeon.
You worshipped Gozag.
Gozag was most pleased with you.
You visited 1 branch of the dungeon, and saw 10 of its levels.
You also visited: Ossuary.

You collected 2380 gold pieces.
You spent 247 gold pieces at shops.
You paid 36 gold pieces to Gozag.

Inventory:

Hand Weapons
 r - a +4 hand axe (weapon)
Missiles
 k - 32 poisoned darts (quivered)
 m - 3 curare-tipped darts
 n - 4 javelins
 p - 271 stones
Armour
 c - a +1 pair of gloves (worn)
 h - a scarf of repulsion (worn)
 v - a +2 helmet (worn)
 C - a +0 plate armour (worn)
Jewellery
 q - a ring of ice
 s - a ring of flight (left hand)
 A - a ring of willpower (right hand)
Wands
 f - a wand of acid (2)
 t - a wand of digging (4)
 w - a wand of polymorph (11)
 z - a wand of iceblast (18)
 B - a wand of mindburst (6)
Scrolls
 b - a scroll of torment {unknown}
 d - 2 scrolls of teleportation
 e - a scroll of fear
 g - 2 scrolls of enchant armour
 i - 2 scrolls of noise
 j - 2 scrolls of amnesia
 l - 4 scrolls of magic mapping
 o - 3 scrolls of enchant weapon
 u - 3 scrolls of immolation
 x - 4 scrolls of identify
 y - a scroll of summoning {unknown}


   Skills:
 - Level 6.0 Fighting
 + Level 9.7 Axes
 - Level 3.0 Throwing
 + Level 8.6 Armour
 - Level 1.0 Dodging
 - Level 1.5 Stealth
 - Level 1.3 Spellcasting
 - Level 1.5 Earth Magic
 - Level 3.0 Evocations


You had 11 spell levels left.
You knew the following spells:

 Your Spells              Type           Power      Damage    Failure   Level
a - Sandblast             Erth           6%         2d5       98%         1

Your spell library contained the following spells:

 Spells                   Type           Power      Damage    Failure   Level
 Corpse Rot               Necr/Air       2%         N/A       100%        2
 Dazzling Flash           Conj/Hex       0%         N/A       100%        3
 Stone Arrow              Conj/Erth      4%         3d7       100%        3
 Dispel Undead            Necr           1%         3d6       100%        4
 Agony                    Necr           1%         N/A       100%        5
 Silence                  Hex/Air        0%         N/A       100%        5
 Death Channel            Necr           0%         N/A       100%        6


Dungeon Overview and Level Annotations

Branches:
Dungeon (10/15)            Temple (0/1) D:5         Ossuary (visited)
   Lair: D:8-11         Orc: D:9-12

Altars:
Dithmenos
Gozag
Kikubaaqudgha
Makhleb
Nemelex Xobeh
Okawaru
Ru
Uskayaw
Wu Jian
Xom
Zin

Shops:
D:6 [   D:8 [

Annotations:
D:2 Natasha


Innate Abilities, Weirdness & Mutations

You are immune to poison.
Your flesh is cold resistant. (rC+)
You are immune to negative energy. (rN+++)
You are immune to unholy pain and torment.
You are vulnerable to heat. (rF-)
You are in touch with the powers of death.
You do not drink.


Message History

The orc priest is moderately wounded.
You hit the orc priest but do no damage.
You closely miss the orc wizard. You hit the orc wizard.
The orc priest hits you with a +0 club.
* * * LOW HITPOINT WARNING * * *
The orc priest hits you with a +0 whip.
* * * LOW HITPOINT WARNING * * *
The orc wizard hits you but does no damage. x2
You closely miss the orc priest.
The orc priest is moderately wounded.
You hit the orc wizard.
You kill the orc wizard!
You hit the orc wizard.
You hit the orc priest but do no damage.
The orc priest hits you but does no damage. x2
The orc wizard hits you but does no damage.
You slash the orc priest!
You kill the orc priest!
You closely miss the orc wizard. You slash the orc priest!
You hit the orc wizard but do no damage.
The orc wizard is heavily wounded.
You hit the orc priest but do no damage.
The orc priest invokes the aid of Beogh against you.
Beogh smites you!
* * * LOW HITPOINT WARNING * * *
The orc wizard is distracted by your dazzling golden aura.
The orc wizard shouts!
You slash the orc wizard!
The orc wizard is no longer distracted by gold.
The orc wizard is almost dead.
You barely miss the orc priest. The orc priest hits you with a +0 club.
* * * LOW HITPOINT WARNING * * *
The orc wizard hits you but does no damage.
You closely miss the orc wizard.
The orc wizard is almost dead.
You hit the orc priest but do no damage.
The orc priest mumbles some strange prayers to Beogh against you.
Beogh smites you!
You die...
Your body crumbles into a pile of gold.

.......# #####.## .#
#####..## .# ........#
####.###### ........#
#.........# ........#
#.........# ........#
#[........# ........###
#.$o$.....#
..........####..@$.....#
.......[#....#...o.....#
........####..$........#
######### ###.........#
###########


You could see an orc priest and an orc wizard.

Vanquished Creatures
  3 two-headed ogres
  Grinder (D:5)
  Prince Ribbit (D:5)
  A shadow (D:9)
  10 yaks (D:10)
  2 wyverns (D:9)
  5 vampire mosquitoes
  4 water moccasins
  2 orc warriors
  4 sky beasts
  An ice beast (D:5)
  2 black bears (D:6)
  An ogre (D:4)
  2 centaurs
  2 kobold brigands
  2 elf zombies
  3 necrophages
  2 scorpions (D:6)
  3 elf skeletons (D:5)
  7 killer bees
  A vampire bat (D:5)
  3 howler monkeys
  A centaur zombie (Ossuary)
  2 orc priests
  3 hounds
  A human zombie (Ossuary)
  3 jellies
  A human skeleton (D:5)
  An iguana (D:7)
  8 orc wizards
  2 mummies (Ossuary)
  8 adders
  A white imp (D:6)
  2 adder zombies (Ossuary)
  A worm (D:3)
  The ghost of spaghetti the Sneak, a weakling NaDe (D:5)
  4 dart slugs
  35 orcs
  8 ball pythons
  5 bats
  2 bat skeletons (D:5)
  2 bat zombies (D:5)
  9 endoplasms
  A giant cockroach (D:4)
  9 goblins
  5 hobgoblins
  A jackal (D:2)
  14 kobolds
  5 quokkas
  7 frilled lizards
  11 hobgoblin zombies (Ossuary)
  A jackal zombie (Ossuary)
  6 kobold zombies (Ossuary)
  14 orc zombies
  7 rats
243 creatures vanquished.

Notes
Turn   | Place    | Note
-------+----------+-------------------------------------------
     0 | D:1      | veskia the Mummy Wanderer began the quest for the Orb.
     0 | D:1      | veskia set off with the following items: a +2 dagger, 3
                  | curare-tipped darts, a +0 pair of gloves, a scroll of
                  | teleportation, 23 stones, a +0 leather armour; and the
                  | following spell memorised: Sandblast; and the following
                  | spells available to memorise: Stone Arrow
     0 | D:1      | Reached XP level 1. HP: 15/15 MP: 2/2
   216 | D:1      | Reached XP level 2. HP: 22/22 MP: 4/4
   595 | D:1      | Found a faded altar of an unknown god.
  1525 | D:2      | Found an opulent altar of Gozag.
  1542 | D:2      | Became a worshipper of Gozag Ym Sagoz the Greedy
  1675 | D:2      | Gained mutation: You are in touch with the powers of death.
                  | [Mummy growth]
  1675 | D:2      | Reached XP level 3. HP: 17/29 MP: 5/5
  1893 | D:2      | Noticed Natasha
  2360 | D:2      | Reached XP level 4. HP: 35/35 MP: 6/6
  3459 | D:3      | Found an iron altar of Okawaru.
  4150 | D:4      | Noticed a necrophage
  4162 | D:3      | Killed a necrophage
  4163 | D:3      | Reached XP level 5. HP: 43/43 MP: 7/7
  4194 | D:4      | Reached skill level 5 in Fighting
  4436 | D:4      | Noticed an ogre
  4459 | D:4      | Killed an ogre
  4460 | D:4      | Reached XP level 6. HP: 52/52 MP: 8/8
  4762 | D:4      | Reached skill level 1 in Axes
  5079 | D:5      | Entered Level 5 of the Dungeon
  5186 | D:5      | Reached skill level 2 in Axes
  5188 | D:5      | Found a sand-covered staircase.
  5322 | Ossuary  | Entered an ossuary
  5546 | Ossuary  | Reached XP level 7. HP: 32/58 MP: 9/9
  5550 | Ossuary  | Reached skill level 3 in Axes
  6040 | D:5      | Reached skill level 4 in Axes
  6395 | D:5      | Reached skill level 1 in Armour
  6586 | D:5      | Found a staircase to the Ecumenical Temple.
  6613 | D:5      | Found a runed translucent door.
  6613 | D:5      | Noticed spaghetti's ghost (weakling NaDe)
  6764 | D:5      | Found an ancient bone altar of Kikubaaqudgha.
  6823 | D:5      | Noticed Grinder
  6824 | D:5      | Paralysed by Grinder for 3 turns
  6837 | D:5      | Noticed Prince Ribbit
  6838 | D:5      | Paralysed by Grinder for 2 turns
  6843 | D:5      | Paralysed by Grinder for 3 turns
  6847 | D:5      | Killed Grinder
  6848 | D:5      | Reached skill level 5 in Axes
  6848 | D:5      | Reached skill level 1 in Evocations
  6848 | D:5      | Reached XP level 8. HP: 42/64 MP: 10/10
  6866 | D:5      | Killed Prince Ribbit
  7241 | D:5      | Found a sparkling altar of Nemelex Xobeh.
  7476 | D:5      | Found a sacrificial altar of Ru.
  7688 | D:5      | Found an ornate altar of the Wu Jian Council.
  7800 | D:5      | Killed spaghetti's ghost
  8229 | D:6      | Reached skill level 6 in Axes
  8354 | D:6      | Reached XP level 9. HP: 68/69 MP: 11/11
  8377 | D:6      | Found Jal Caamm's Armour Shoppe.
  8495 | D:6      | Bought a +2 helmet for 247 gold pieces
  9055 | D:6      | Found a burning altar of Makhleb.
  9398 | D:7      | Reached skill level 5 in Armour
  9815 | D:8      | Noticed a two-headed ogre
  9845 | D:8      | Killed a two-headed ogre
  9846 | D:8      | Reached skill level 7 in Axes
 10301 | D:8      | Found Vutyrch's Antique Armour Boutique.
 10350 | D:8      | Reached XP level 10. HP: 67/76 MP: 12/12
 10373 | D:8      | Identified the +8 whip of Doubt {venom, rCorr Dex+4}
 10517 | D:9      | Found a shadowy altar of Dithmenos.
 10666 | D:9      | Reached skill level 8 in Axes
 11236 | D:9      | Noticed a two-headed ogre
 11269 | D:9      | Killed a two-headed ogre
 11687 | D:9      | Found an opulent altar of Gozag.
 11905 | D:9      | Found a shimmering altar of Xom.
 11905 | D:9      | Found a hide-covered altar of Uskayaw.
 11952 | D:10     | Entered Level 10 of the Dungeon
 11992 | D:9      | Reached skill level 9 in Axes
 12510 | D:10     | Noticed a two-headed ogre
 13304 | D:10     | Killed a two-headed ogre
 13305 | D:10     | Reached XP level 11. HP: 73/81 MP: 13/13
 13512 | D:10     | Killed from afar by an orc priest

Illustrated notes

Levels and vault maps discovered:
D:1:      dpeg_arrival_water_fire, layout_basic, ebering_ecumenical_altar_webs,
          minmay_hexomino_u4
D:2:      minmay_general_purpose_star, layout_basic, basic_altar,
          roderic_serpentine_path, minmay_tall_x, uniq_natasha
D:3:      layout_loops_cross, mainiacjoe_overflow_24_doors
D:4:      layout_gridville
D:5:      layout_basic, nemelex_diamond_rough_becter,
          pdpol_wu_jian_five_deadly_venoms, mainiacjoe_overflow_alcove_4,
          kennysheep_vampire_church, minmay_temple_entry_sparse_star,
          ebering_ghost_sewer_d, nicolae_ossuary_entry_catacombs, uniq_grinder,
          uniq_prince_ribbit1
D:6:      layout_cave_pools, lightli_temple_of_fire, serial_shops,
          nicolae_shop_hallway_plus
D:7:      layout_cave_pools
D:8:      layout_basic, serial_shops, shop
D:9:      layout_irregular_city, pdpol_temple_overflow_zin_treasury_gozag_greed,
          nicolae_dithmenos_the_darkroom, minitemple
D:10:     layout_roguey, tgw_sif, lemuel_tele_altar

Skill      XL: |  1  2  3  4  5  6  7  8  9 10 |
---------------+-------------------------------+-----
Fighting       | 2 3 4 5 6 |  6.0
Throwing       | 3 |  3.0
Axes           | 2 5 6 7 9 |  9.7
Armour         | 2 4 6 8 |  8.6
Evocations     | 1 3 |  3.0
Dodging        | |  1.0
Stealth        | |  1.5
Spellcasting   | |  1.3
Earth Magic    | |  1.5

Action                   |  1- 3 |  4- 6 |  7- 9 | 10-12 || total
-------------------------+-------+-------+-------+-------++-------
Melee: Dagger            |   154 |   143 |       |       ||   297
       Punch             |     1 |     4 |     7 |     4 ||    16
       Hand axe          |       |   114 |   354 |   262 ||   730
Throw: Javelin           |     3 |     2 |     2 |       ||     7
       Dart              |       |     5 |    44 |    27 ||    76
Evoke: Wand              |       |       |     3 |     3 ||     6
  Use: Scroll            |       |     5 |     4 |       ||     9
 Stab: Sleeping          |     4 |     7 |       |       ||    11
       Distracted        |       |       |       |     1 ||     1
Armor: Leather armour    |    48 |    61 |    11 |       ||   120
       Chain mail        |       |       |   213 |   127 ||   340
       Plate armour      |       |       |       |    15 ||    15
Dodge: Dodged            |    85 |   138 |   152 |   100 ||   475
       Repelled          |     1 |     1 |     1 |     1 ||     4

Table legend: (Time is in decaauts)
 A = Elapsed time spent in this place.
 B = Non-inter-level travel time spent in this place.
 C = Inter-level travel time spent in this place.
 D = Time resting spent in this place.
 E = Time spent auto-exploring this place.
 F = Levels seen in this place.
 G = Mean time per level.
                   A        B        C        D        E       F      G
               +--------+--------+--------+--------+--------+-----+--------+
         Total |  13499 |  12942 |    557 |   4806 |   5479 |  11 | 1227.2 |
       Dungeon |  12775 |  12218 |    557 |   4450 |   5377 |  10 | 1277.5 |
       Ossuary |    723 |    723 |      0 |    356 |    102 |   1 |  723.0 |
               +--------+--------+--------+--------+--------+-----+--------+

Top non-repeatable levels by time:
     D:5: 2104 daAuts
     D:9: 1791 daAuts
     D:2: 1552 daAuts
     D:1: 1499 daAuts
    D:10: 1180 daAuts
     D:3: 1179 daAuts
     D:6: 1071 daAuts
     D:4: 985 daAuts
     D:8: 748 daAuts
 Ossuary: 723 daAuts
     D:7: 663 daAuts
